AoeStats
← 海峡

Four Lakes

507894703Analyzed
1v1 RM · 13d ago on Sep 20, 2026· 21m 50s· 2 players
Game mode
Random Map
Map size
Tiny (2 player)
Population
200
Speed
Normal
Resources
Standard
Victory
Conquest
Starting age
Dark Age
Ending age
Imperial Age
RankedLock teamsTeams togetherTeam positionsShared explorationLock speedFull tech treeHidden civsTurbo modeCheats
Victory
Defeat
🇨🇦 Huns · Canada
1714
+15
🇨🇳 Goths · China
1687
-15
海峡
1:21 Loom
10:25 Feudal Age
10:39 Man-at-Arms
11:06 Double-Bit Axe
13:49 Horse Collar
15:51 Fishing Lines
16:48 Scale Mail Armor
20:10 Castle Age
18:51 Forging
18:57 Gold Mining
21:20 Chain Mail Armor
22:04 Wheelbarrow
AnTeK
6:28 Loom
7:15 Loom
10:05 Feudal Age
10:51 Double-Bit Axe
13:25 Fletching
19:48 Castle Age
19:32 Fishing Lines
20:32 Padded Archer Armor
20:52 Bodkin Arrow
20:33 Crossbowman
Connection lost

Rejoining the realm…

Still unreachable

The connection could not be restored.

Session expired

The server has moved on; the page needs a fresh start.